 Dungeon Crawl Stone Soup version 0.31-a0-1388-g4b2ba238e7 (webtiles) character file.

Game seed: 17044624529479482768

1053 Loonster the Ruffian (level 8, -16/68 HPs)
             Began as a Troll Shapeshifter on Dec 24, 2023.
             Was an Initiate of Trog.
             Demolished by an ogre
             ... wielding a +0 giant club
              (34 damage)
             ... on level 5 of the Dungeon.
             The game lasted 00:04:24 (3370 turns).

Loonster the Ruffian (Troll Shapeshifter)           Turns: 3370, Time: 00:04:25

Health: -16/68     AC:  4    Str: 25    XL:     8   Next: 5%
Magic:  0/7        EV:  8    Int:  6    God:    Trog [......]
Gold:   181        SH:  8    Dex:  9    Spells: 7/7 levels left

rFire   . .          .
                       - Unarmed
rCold   . . .        u - +0 kite shield
rNeg    . . .        a - +0 animal skin
rPois   .            (helmet currently unavailable)
rElec   .            (cloak currently unavailable)
rCorr   .            (gloves unavailable)
SInv    .            (boots unavailable)
Will    +....        q - amulet of guardian spirit
Stlth   +            t - ring of willpower
HPRegen 1.11/turn    (no ring)
MPRegen 0.10/turn

%: guardian spirit
@: beast-form
A: beast (slay +2), large, unfitting armour, claws 3, regeneration 1, shaggy fur
1, tough skin 1
a: Begin Untransformation, Renounce Religion


You were on level 5 of the Dungeon.
You worshipped Trog.
Trog was noncommittal.
You were a hulking beast.
You visited 2 branches of the dungeon, and saw 6 of its levels.

You collected 181 gold pieces.

Inventory:

Hand Weapons
 j - the +7 sling of the Growing Seeker {freeze, rElec rF+ SInv}
   (You found it on level 2 of the Dungeon)

   rF+:       It protects you from fire.
   rElec:     It insulates you from electricity.
   SInv:      It lets you see invisible.
Armour
 a - a +0 animal skin (worn)
 u - a +0 kite shield (worn)
Jewellery
 q - an amulet of guardian spirit (around neck)
 t - a ring of willpower (left claw)
Talismans
 c - a beast talisman
 d - a flux talisman
Wands
 o - a wand of flame (42)
 v - a wand of paralysis (7)
Scrolls
 g - a scroll of fog {unknown}
 h - 3 scrolls of teleportation {unknown}
 i - 4 scrolls of identify {unknown}
 k - a scroll of noise {unknown}
 n - 4 scrolls of enchant armour {unknown}
 r - 4 scrolls of immolation {unknown}
 s - a scroll of enchant weapon {unknown}
 w - a scroll of vulnerability {unknown}
Potions
 b - a potion of lignification
 e - 2 potions of degeneration {unknown}
 f - a potion of mutation {unknown}
 l - 2 potions of magic {unknown}
 m - 2 potions of might {unknown}
 p - a potion of enlightenment {unknown}


   Skills:
 - Level 0.8 Fighting
 - Level 2.0 Dodging
 + Level 5.2 Shields
 - Level 7.4 Unarmed Combat
 - Level 3.5 Shapeshifting


You had 7 spell levels left.
You didn't know any spells.
Your spell library contained the following spells:

 Spells                   Type           Power      Damage    Failure   Level
 Freeze                   Ice            0%         1d3       69%         1
 Magic Dart               Conj           0%         1d3       69%         1
 Sandblast                Erth           0%         2d4       69%         1
 Slow                     Hex            0%         N/A       69%         1
 Passwall                 Alch/Erth      0%         N/A       83%         2
 Searing Ray              Conj           0%         2d4       83%         2
 Confusing Touch          Hex            0%         N/A       96%         3
 Dazzling Flash           Conj/Hex       0%         N/A       96%         3
 Frozen Ramparts          Ice            0%         1d1       96%         3
 Hailstorm                Conj/Ice       0%         3d5       96%         3
 Sigil of Binding         Hex            0%         N/A       96%         3
 Stone Arrow              Conj/Erth      0%         3d7       96%         3
 Vampiric Draining        Necr           0%         2d6       96%         3
 Volatile Blastmotes      Fire/Tloc      0%         2d10      96%         3
 Brom's Barrelling Bould  Conj/Erth      0%         2d3       100%        4
 Fulminant Prism          Conj/Alch      0%         3d5       100%        4
 Summon Ice Beast         Ice/Summ       0%         N/A       100%        4
 Simulacrum               Ice/Necr       0%         N/A       100%        6
 Starburst                Conj/Fire      0%         6d3       100%        6
 Maxwell's Capacitive Co  Air            0%         ∞         100%        8


Dungeon Overview and Level Annotations

Branches:
Dungeon (5/15)             Temple (1/1) D:5

Altars:
Ashenzari
Cheibriados
Dithmenos
Elyvilon
Fedhas
Gozag
Hepliaklqana
Kikubaaqudgha
Makhleb
Okawaru
Qazlal
Ru
Sif Muna
Trog
Uskayaw
Wu Jian
Xom
Zin
The Shining One


Innate Abilities, Weirdness & Mutations

You are a hulking beast.
Your limbs bulge with bestial killing power. (Slay +2)
You are too large for most types of armour.
You have claws for hands.
Your natural rate of healing is unusually fast.
You are covered in fur. (AC +1)
You have tough skin. (AC +1)


Message History

No target in view!
No target in view!
No target in view!
No target in view!
No target in view!
No target in view!
No target in view!
No target in view!
An ogre comes into view. It is wielding a +0 giant club.
An ogre is nearby!
An ogre is nearby!
The ogre shouts!
You claw the ogre!
The ogre is moderately wounded.
The ogre hits you with a +0 giant club!
You scratch the ogre.
The ogre is moderately wounded.
The ogre hits you with a +0 giant club!
You scratch the ogre.
The ogre is heavily wounded.
You barely miss the ogre.
The ogre is heavily wounded.
The ogre hits you with a +0 giant club!!
* * * LOW HITPOINT WARNING * * *
You are too injured to fight recklessly!
You are too injured to fight recklessly!
You are too injured to fight recklessly!
You are too injured to fight recklessly!
You are too injured to fight recklessly!
You are too injured to fight recklessly!
You are too injured to fight recklessly!
You are too injured to fight recklessly!
You claw the ogre!
The ogre is almost dead.
The ogre hits you with a +0 giant club!
* * * LOW HITPOINT WARNING * * *
The ogre attacks as it pursues you!
The ogre hits you with a +0 giant club!!
Ouch! That really hurt!
You die...

...#...#...# ###.................
#.....#....###...................
##.>.#####..##.#.........###.####
#.....#....###.#..........##.#
...#...#...###.#..........##.#
..###.....>........>......##.# .#
#.#...#####.####.##...###.# .
#...#.#####.########### #.#
#..#..##.......Oh.....# #.####
...........#.....####.######.....
#.#.######.#.....# #.........###
. ## #.......# #########.#
###.....# #.# #.....# #.# #######
#.# #.### #....


You could see an ogre.

Vanquished Creatures
  Sigmund (D:3)
  A water moccasin (D:5)
  2 ogres
  A centaur (D:5)
  2 scorpions
  A howler monkey (D:5)
  A hound (D:5)
  An orc priest (D:4)
  Jessica (D:3)
  A sleepcap (D:5)
  2 iguanas
  2 orc wizards
  Robin (D:3)
  5 adders
  A gnoll (D:5)
  9 orcs
  6 endoplasms
  6 giant cockroaches
  11 goblins
  10 hobgoblins
  5 jackals
  6 kobolds
  6 quokkas
  10 ball pythons
  6 bats
  4 frilled lizards
  6 rats
108 creatures vanquished.

Notes
Turn   | Place    | Note
-------+----------+-------------------------------------------
     0 | D:1      | Loonster the Troll Shapeshifter began the quest for the
                  | Orb.
     0 | D:1      | Reached XP level 1. HP: 18/18 MP: 0/0
   197 | D:1      | Reached XP level 2. HP: 26/26 MP: 1/1
   620 | D:1      | Reached XP level 3. HP: 32/32 MP: 2/2
   637 | D:2      | Reached skill level 4 in Unarmed Combat
   637 | D:2      | Reached XP level 4. HP: 40/40 MP: 3/3
   650 | D:2      | Identified the +7 sling of the Growing Seeker {freeze,
                  | rElec rF+ SInv}
  1082 | D:3      | Noticed Sigmund
  1093 | D:3      | Killed Sigmund
  1094 | D:3      | Reached skill level 6 in Unarmed Combat
  1094 | D:3      | Reached XP level 5. HP: 35/46 MP: 4/4
  1143 | D:3      | Noticed Robin
  1161 | D:3      | Reached XP level 6. HP: 54/54 MP: 5/5
  1167 | D:3      | Killed Robin
  1293 | D:3      | Reached skill level 7 in Unarmed Combat
  1436 | D:3      | Noticed Jessica
  1440 | D:3      | Killed Jessica
  2149 | D:4      | Reached XP level 7. HP: 61/61 MP: 6/6
  2158 | D:4      | Reached skill level 1 in Shields
  2845 | D:5      | Entered Level 5 of the Dungeon
  3010 | D:5      | Found a staircase to the Ecumenical Temple.
  3034 | Temple   | Entered the Ecumenical Temple
  3100 | Temple   | Became a worshipper of Trog the Wrathful
  3195 | D:5      | Reached skill level 5 in Shields
  3195 | D:5      | Reached XP level 8. HP: 47/68 MP: 4/7
  3370 | D:5      | Demolished by an ogre

Illustrated notes

Levels and vault maps discovered:
D:1:      zaba_arrival_water, layout_loops_cross
D:2:      layout_basic, minmay_unequal
D:3:      layout_basic, uniq_jessica, uniq_sigmund, uniq_robin
D:4:      layout_basic, st_stairs_3
D:5:      layout_loops_ring, minmay_temple_entry_arrows,
          kennysheep_generic_room_13
Temple:   nicolae_temple_bog_church

Skill      XL: |  1  2  3  4  5  6  7 |
---------------+----------------------+-----
Dodging        | 2 |  2.0
Unarmed Combat | 4 6 7 |  7.4
Shields        | 5 |  5.2
Fighting       | |  0.8
Shapeshifting  | |  3.5

Action                     |  1- 3 |  4- 6 |  7- 9 || total
---------------------------+-------+-------+-------++-------
  Melee: Unarmed           |    62 |   132 |    60 ||   254
         Punch             |     1 |     4 |       ||     5
   Stab: Sleeping          |     2 |     2 |       ||     4
 Armour: Animal skin       |    31 |    91 |    32 ||   154
  Dodge: Dodged            |    31 |    49 |    19 ||    99
  Block: Kite shield       |       |     1 |    19 ||    20

Table legend: (Time is in decaauts)
 A = Elapsed time spent in this place.
 B = Non-inter-level travel time spent in this place.
 C = Inter-level travel time spent in this place.
 D = Time resting spent in this place.
 E = Time spent auto-exploring this place.
 F = Levels seen in this place.
 G = Mean time per level.
                   A        B        C        D        E       F      G
               +--------+--------+--------+--------+--------+-----+--------+
         Total |   3352 |   3262 |     90 |      0 |   2579 |   6 |  558.7 |
       Dungeon |   3274 |   3196 |     78 |      0 |   2579 |   5 |  654.8 |
        Temple |     78 |     66 |     12 |      0 |      0 |   1 |   78.0 |
               +--------+--------+--------+--------+--------+-----+--------+

Top non-repeatable levels by time:
     D:4: 892 daAuts
     D:3: 869 daAuts
     D:1: 608 daAuts
     D:2: 457 daAuts
     D:5: 445 daAuts
  Temple: 78 daAuts
